AoeStats
← Guru8722

Socotra

505053373Analyzed
4v4 RM · 24d ago on Sep 7, 2026· 90m 32s· 8 players
Game mode
Random Map
Map size
148×148
Population
200
Speed
Normal
Resources
Standard
Victory
Conquest
Starting age
Dark Age
Ending age
Imperial Age
RankedLock teamsTeams togetherTeam positionsShared explorationLock speedFull tech treeHidden civsTurbo modeCheats
Victory
Defeat
🇦🇷 Britons · Argentina
1006
+16
🇸🇪 Mongols · Sweden
974
+17
🇦🇷 Cumans · Argentina
946
+18
🇬🇧 Bulgarians · United Kingdom
937
+19
🇺🇸 Magyars · United States
1066
-19
🇺🇸 Vietnamese · United States
998
-18
🇺🇸 Japanese · United States
982
-17
🇺🇸 Slavs · United States
963
-16
Khan Asparuh
5:21 Loom
8:56 Feudal Age
21:26 Castle Age
19:30 Double-Bit Axe
20:26 Scale Barding Armor
24:34 Bloodlines
26:10 Husbandry
30:59 Wheelbarrow
38:12 Chain Barding Armor
38:02 Forging
43:57 Imperial Age
43:31 Hand Cart
43:44 Bow Saw
44:59 Town Watch
45:57 Iron Casting
48:54 Blast Furnace
51:04 Heavy Camel Rider
55:54 Light Cavalry
64:52 Hussar
The Beer Man
2:59 Loom
11:25 Feudal Age
13:14 Double-Bit Axe
14:40 Horse Collar
16:32 Arson
25:00 Castle Age
23:49 Bloodlines
23:53 Gold Mining
24:30 Forging
24:22 Scale Mail Armor
24:32 Scale Barding Armor
26:31 Husbandry
27:21 Pikeman
33:31 Iron Casting
44:01 Imperial Age
56:14 Squires
60:26 Halberdier
68:21 Chain Mail Armor
75:22 Plate Mail Armor
84:27 Blast Furnace
STOOGES19697454
3:13 Loom
4:13 Loom
11:22 Feudal Age
13:52 Double-Bit Axe
29:16 Castle Age
28:04 Horse Collar
29:25 Gold Mining
29:20 Light Cavalry
29:27 Elite Skirmisher
30:32 Pikeman
33:24 Squires
36:57 Scale Mail Armor
37:43 Gold Shaft Mining
38:57 Capped Ram
40:14 Thumb Ring
42:11 Chain Mail Armor
41:47 Fletching
44:14 Wheelbarrow
44:04 Town Watch
52:38 Hand Cart
52:59 Ballistics
54:03 Bow Saw
55:43 Bodkin Arrow
55:59 Forging
56:07 Forging
81:59 Heavy Plow
86:14 Fervor
Producto.Machete
7:59 Loom
10:26 Feudal Age
14:48 Castle Age
13:00 Double-Bit Axe
16:37 Bow Saw
17:56 Horse Collar
20:58 Fervor
21:32 Stone Mining
22:23 Town Watch
23:51 Fletching
25:30 Wheelbarrow
25:55 Heavy Plow
26:01 Gold Mining
27:39 Bodkin Arrow
28:43 Ballistics
28:27 Padded Archer Armor
30:02 Hand Cart
33:42 Imperial Age
33:04 Leather Archer Armor
33:32 Yeomen
34:33 Bracer
36:08 Ring Archer Armor
36:59 Conscription
37:49 Two-Man Saw
38:01 Chemistry
38:21 Elite Longbowman
40:51 Hoardings
42:06 Scale Mail Armor
42:16 Forging
44:13 Warwolf
52:03 Guilds
55:51 Guard Tower
55:46 Arrowslits
56:08 Siege Engineers
56:13 Masonry
56:15 Siege Engineers
56:01 Guard Tower
55:57 Arrowslits
56:23 Masonry
57:35 Sappers
63:44 Keep
62:50 Treadmill Crane
63:41 Architecture
64:25 Murder Holes
66:31 Chain Mail Armor
66:51 Iron Casting
66:48 Pikeman
67:28 Squires
68:00 Plate Mail Armor
68:36 Blast Furnace
67:36 Halberdier
70:27 Scale Barding Armor
84:22 Elite Skirmisher
Guru8722
8:04 Loom
10:40 Feudal Age
11:13 Double-Bit Axe
14:31 Fletching
24:37 Castle Age
23:05 Padded Archer Armor
24:45 Horse Collar
25:05 Gold Mining
25:16 Bodkin Arrow
24:45 Crossbowman
27:25 Ballistics
29:16 Bow Saw
29:51 Wheelbarrow
30:43 Hand Cart
34:28 Leather Archer Armor
34:44 Thumb Ring
39:21 Stone Mining
40:05 Bloodlines
49:29 Imperial Age
49:48 Arbalester
53:30 Two-Man Saw
57:45 Stone Shaft Mining
59:15 Chemistry
58:12 Murder Holes
59:08 Hoardings
62:28 Bracer
62:35 Scale Barding Armor
62:40 Forging
63:13 Ring Archer Armor
63:35 Husbandry
65:38 Iron Casting
65:24 Chain Barding Armor
70:55 Hoardings
70:43 Paper Money
73:43 Chatras
77:41 Plate Barding Armor
77:22 Elite Battle Elephant
81:49 Elite Skirmisher
88:31 Imperial Skirmisher
MrMeme315
5:57 Loom
16:19 Feudal Age
17:28 Double-Bit Axe
18:32 Horse Collar
19:54 Wheelbarrow
19:53 Bloodlines
25:28 Castle Age
25:00 Forging
24:55 Scale Barding Armor
28:46 Husbandry
29:02 Gold Mining
32:27 Iron Casting
32:12 Chain Barding Armor
37:20 Detinets
38:25 Fletching
39:16 Ballistics
Sanji-San
5:40 Loom
6:26 Loom
9:24 Feudal Age
10:01 Town Watch
10:22 Double-Bit Axe
11:48 Man-at-Arms
20:31 Castle Age
18:54 Horse Collar
19:06 Gold Mining
19:19 Fletching
19:59 Padded Archer Armor
20:51 Crossbowman
21:46 Bow Saw
22:25 Bodkin Arrow
27:01 Leather Archer Armor
27:25 Wheelbarrow
27:12 Town Watch
35:10 Hand Cart
38:19 Imperial Age
38:20 Thumb Ring
39:28 Masonry
40:14 Bracer
42:10 Arbalester
47:15 Ballistics
47:57 Chemistry
46:53 Arrowslits
47:03 Guard Tower
48:01 Murder Holes
49:54 Elite Skirmisher
51:07 Ring Archer Armor
51:23 Keep
50:50 Imperial Skirmisher
86:20 Keep
sksarthak
6:09 Loom
9:18 Feudal Age
9:53 Double-Bit Axe
10:42 Horse Collar
17:29 Wheelbarrow
22:20 Castle Age
21:21 Bloodlines
22:51 Scale Barding Armor
24:23 Chain Barding Armor
25:28 Husbandry
40:01 Imperial Age
37:41 Herbal Medicine
39:38 Fletching
40:23 Bodkin Arrow
40:20 Cavalier
41:48 Plate Barding Armor
41:14 Bracer
42:39 Conscription
42:32 Padded Archer Armor
45:37 Paladin
59:49 Siege Engineers
64:03 Corvinian Army
64:24 Masonry
Connection lost

Rejoining the realm…

Still unreachable

The connection could not be restored.

Session expired

The server has moved on; the page needs a fresh start.